 Dungeon Crawl Stone Soup version 0.28.0-53-g5a82cb258f (webtiles) character file.

Game seed: 154985317838892002

7 Faeu the Insei (level 2, 0/22 HPs)
             Began as a Djinni Transmuter on May 30, 2022.
             Killed from afar by a dart slug (4 damage)
             ... with a slug dart
             ... on level 2 of the Dungeon.
             The game lasted 00:01:27 (324 turns).

Faeu the Insei (Djinni Transmuter)                   Turns: 324, Time: 00:01:27

Health: 0/22       AC:  2    Str:  9    XL:     2   Next: 5%
Gold:   0          EV: 12    Int: 14    God:
                   SH:  0    Dex: 13

rFire   + + .      SeeInvis .     - Unarmed
rCold   x . .      Faith    .   (no shield)
rNeg    . . .      Spirit   .   a - +0 robe
rPois   ∞          Reflect  .   (no helmet)
rElec   .          Harm     .   (no cloak)
rCorr   .          Rampage  .   (no gloves)
Will    .....                   (boots unavailable)
Stlth   +.........              (no amulet)
HPRegen 0.07/turn               (no ring)
MPRegen 0.00/turn               (no ring)

@: flying
A: sickness immunity, fire resistance 2, cold vulnerability 1, float, innate
caster, HP casting, extra vitality 1
a: no special abilities


You were on level 2 of the Dungeon.
You visited 1 branch of the dungeon, and saw 2 of its levels.


Innate Abilities, Weirdness & Mutations

You are immune to sickness and miasma.
You are immune to poison.
Your flesh is very heat resistant. (rF++)
You are vulnerable to cold. (rC-)
You float through the air rather than walking.
You learn spells naturally, not from books.
Your magical power is your life essence.
You have superior vitality. (+4 MHP)


   Skills:
 + Level 1.5 Fighting
 - Level 2.1 Dodging
 + Level 3.2 Unarmed Combat
 - Level 1.5 Spellcasting


You couldn't memorise any spells.
You knew the following spells:

 Your Spells              Type           Power      Damage    Failure   Level
a - Beastly Appendage     Tmut           10%        N/A       13%         1
b - Wereblood             Tmut           5%         N/A       21%         2
c - Spider Form           Tmut/Pois      5%         N/A       36%         3
d - Ice Form              Ice/Tmut       5%         N/A       78%         4
Your spell library was empty.

Inventory:

Armour
 a - a +0 robe (worn)
Scrolls
 c - a scroll of fear {unknown}
Potions
 b - a potion of curing {unknown}

Dungeon Overview and Level Annotations

Branches:
Dungeon (2/15)

Altars:

..:.#...<....... S
....#.r......... . .
................
..#l................
#.S.#.####..........
...... #........?.
......#####.........
........####w....#).
.......@S.#...####
.....###..#.### ...
##...# . #.......#
#.....w...
#........#
..........
#!....K....
......l....


You could see 2 adders, a dart slug, a ball python, a kobold and a frilled
lizard.


Message History

The bat misses you. The bat hits you. 😮 HP[-1]
You take 1 damage, and now have 10/17 hp.
You hit the bat. The bat closely misses you. The bat misses you.
The bat hits you but does no damage. The bat closely misses you.
The bat hits you. 😮 HP[-1]
You take 1 damage, and now have 9/17 hp.
You miss the bat. Your punch misses the bat.
The bat closely misses you. 😮 HP[+1]
The bat closely misses you.
You closely miss the bat. The bat hits you. 😮 HP[-1]
You take 1 damage, and now have 9/17 hp.
The bat hits you but does no damage. The bat barely misses you.
The bat hits you but does no damage. The bat hits you but does no damage.
The bat hits you.
* * * LOW HITPOINT WARNING * * *
😨 HP[-1]
You take 1 damage, and now have 8/17 hp.
You hit the bat. The bat closely misses you. The bat barely misses you.
A ball python comes into view.
The bat hits you.
* * * LOW HITPOINT WARNING * * *
😨 HP[-1]
You take 1 damage, and now have 7/17 hp.
The bat hits you.
* * * LOW HITPOINT WARNING * * *
😨 HP[-1]
You take 1 damage, and now have 6/17 hp.
The bat misses you. The bat misses you.
There is a stone staircase leading down here.
The bat closely misses you.
You fly downwards.
There is a stone staircase leading up here.
You start resting.
An endoplasm comes into view. 😮 HP[+3]
You regained 3 hp, and now have 9/17 hp.
A hobgoblin comes into view.
The hobgoblin shouts!
You hear a shout!
The hobgoblin moves out of view.
An adder comes into view.
The adder moves out of view.
Cast which spell? (? or * to list)
You miscast Beastly Appendage.
You are very lightly contaminated with residual magic.
Nothing appears to happen.
* * * LOW HITPOINT WARNING * * *
😨 HP[-1]
You take 1 damage, and now have 8/17 hp.
Casting: Beastly Appendage (safe; 13% risk of failure)
Confirm with . or Enter, or press ? or * to list all spells.
You grow a pair of large bovine horns.
* * * LOW HITPOINT WARNING * * *
You hit the hobgoblin. The hobgoblin closely misses you.
You hit the hobgoblin but do no damage. You hit the hobgoblin but do no damage.
The hobgoblin completely misses you.
You barely miss the hobgoblin. The hobgoblin barely misses you.
You barely miss the hobgoblin.
Your transformation is almost over.
The hobgoblin hits you but does no damage.
You closely miss the hobgoblin. The hobgoblin barely misses you.
Your magical contamination has completely faded away.
You barely miss the hobgoblin. You headbutt the hobgoblin.
You kill the hobgoblin!
You have reached level 2! 😨 HP[+2]
You now have 22 max hp (+5).
You regained 2 hp, and now have 10/22 hp.
You start resting.
Your horns disappear.
An iguana comes into view. 😨 HP[+1]
An iguana is nearby!
A worm and a quokka come into view.
You see here a hobgoblin corpse.
A kobold comes into view. It is wielding a +0 whip.
A dart slug and an adder come into view.
A ball python comes into view.
The dart slug launches a dart at you. The slug dart hits you.
* * * LOW HITPOINT WARNING * * *
😨 HP[-4]
You take 4 damage, and now have 7/22 hp.
A frilled lizard comes into view.
The frilled lizard hisses angrily.
The kobold shouts!
The adder hisses angrily.
The adder bites you.
* * * LOW HITPOINT WARNING * * *
😱 HP[-3]
You take 3 damage, and now have 4/22 hp.
The ball python hisses angrily.
The adder barely misses you. The dart slug launches a dart at you.
The slug dart hits you.
You die...

Action                   || total
-------------------------++-------
Melee: Unarmed           ||    40
       Headbutt          ||     1
 Cast: Beastly Appendage ||     1
 Stab: Sleeping          ||     1
Armor: Robe              ||    31
Dodge: Dodged            ||    67

Levels and vault maps discovered:
D:1:      dpeg_arrival_ternary, layout_basic, serial_shops,
          nicolae_shop_crystal, dreamdust_ecumenical_altar_statues
D:2:      layout_rooms, uniq_robin

Notes
Turn   | Place    | Note
-------+----------+-------------------------------------------
     0 | D:1      | Faeu the Djinni Transmuter began the quest for the Orb.
     0 | D:1      | Reached XP level 1. HP: 17/17 MP: 0/0
     0 | D:1      | magus.rc [v1.9.6]
   309 | D:2      | Reached XP level 2. HP: 10/22 MP: 0/0
   323 | D:2      | HP: 4/22 [adder (3)]
   324 | D:2      | Killed from afar by a dart slug

Vanquished Creatures
  An endoplasm (D:1)
  A hobgoblin (D:2)
  A kobold (D:1)
  A ball python (D:1)
  A bat (D:1)
  A frilled lizard (D:1)
  A rat (D:1)
7 creatures vanquished.

Table legend:
 A = Non-vault XP
 B = Vault XP
 C = Vault XP percentage of total XP
 D = Non-vault monster count
 E = Vault monster count
 F = Vault count percentage of total count
                 A         B        C        D         E       F
            +---------+---------+-------+---------+---------+-------
      Total |      10 |       0 |   0.0 |       7 |       0 |   0.0
            +---------+---------+-------+---------+---------+-------
        D:1 |       8 |       0 |   0.0 |       6 |       0 |   0.0
        D:2 |       2 |       0 |   0.0 |       1 |       0 |   0.0
            +---------+---------+-------+---------+---------+-------

Illustrated notes

Table legend:
 A = Kills in this place as a percentage of kills in entire the game.
 B = Kills by you in this place as a percentage of kills by you in the entire game.
 C = Kills by friends in this place as a percentage of kills by friends in the entire game.
 D = Other kills in this place as a percentage of other kills in the entire game.
 E = Experience gained in this place as a percentage of experience gained in the entire game.
 F = Experience gained in this place divided by the number of levels of this place that you have seen.
                   A       B       C       D       E      F
               +-------+-------+-------+-------+-------+----------------------
         Total | 100.0 | 100.0 |   N/A |   N/A | 100.0 |   5.0
       Dungeon | 100.0 | 100.0 |   N/A |   N/A | 100.0 |   5.0
               +-------+-------+-------+-------+-------+----------------------

Table legend: (Time is in decaauts)
 A = Elapsed time spent in this place.
 B = Non-inter-level travel time spent in this place.
 C = Inter-level travel time spent in this place.
 D = Time resting spent in this place.
 E = Time spent auto-exploring this place.
 F = Levels seen in this place.
 G = Mean time per level.
                   A        B        C        D        E       F      G
               +--------+--------+--------+--------+--------+-----+--------+
         Total |    322 |    322 |      0 |     66 |    100 |   2 |  161.0 |
       Dungeon |    322 |    322 |      0 |     66 |    100 |   2 |  161.0 |
               +--------+--------+--------+--------+--------+-----+--------+

Top non-repeatable levels by time:
     D:1: 232 daAuts
     D:2: 89 daAuts
